Match 42288960
Unlisted

Match 42288960
End
Construct Barracks
Selects Airborne Battlegroup
Selects Heavy Machine Gun Paradrop
Heavy Machine Gun Paradrop
Riflemen Squad
Riflemen Squad
Grenade Package
Riflemen Squad
Air Support Center
Selects Paratrooper Squad Paradrop
Construct Medical Station
Grasshopper Recon Run
Paratrooper Squad Paradrop
P-47 Dive Bomb
M1 Mortar Team
Grasshopper Recon Run
Selects Smoke Bombing Run
M1918 Browning Automatic Rifles
Smoke Bombing Run
Grasshopper Recon Run
Selects Anti-tank Gun Team Paradrop
Anti-tank Gun Team Paradrop
Construct Tank Depot
Selects Supply Drop
Etgo
Hk
Jarkke
MustiElTurki
EGIPOP
Sokolnichiy
0
0

Comments sign in to comment!

No comments posted yet!